AoeStats
← [NICE_ASS] BigMasi

Arabian Desert

509095296Analyzed
1v1 RM · 7d ago on Sep 25, 2026· 18m 57s· 2 players
Game mode
Random Map
Map size
Tiny (2 player)
Population
200
Speed
Normal
Resources
Standard
Victory
Conquest
Starting age
Dark Age
Ending age
Imperial Age
RankedLock teamsTeams togetherTeam positionsShared explorationLock speedFull tech treeHidden civsTurbo modeCheats
Victory
Defeat
🇨🇭 Saxons · Switzerland
1353
+15
🇨🇳 Saxons · China
1332
-15
^(* ̄(oo) ̄)^
6:48 Loom
10:00 Feudal Age
10:09 Man-at-Arms
11:52 Wheelbarrow
12:12 Arson
13:05 Scale Mail Armor
17:43 Forging
[NICE_ASS] BigMasi
5:07 Loom
10:04 Feudal Age
11:41 Man-at-Arms
12:22 Double-Bit Axe
15:12 Arson
15:42 Horse Collar
17:39 Forging
Connection lost

Rejoining the realm…

Still unreachable

The connection could not be restored.

Session expired

The server has moved on; the page needs a fresh start.